 Dungeon Crawl Stone Soup version 0.30-a0-23-ge60ba3568b (webtiles) character file.

Game seed: 9949031623911643790

42 lesbiats the Ruffian (level 3, -3/35 HPs)
             Began as a Troll Warper on Aug 26, 2022.
             Slain by Terence
             ... wielding a +0 hand axe
              (8 damage)
             ... on level 1 of the Dungeon.
             The game lasted 00:03:53 (1153 turns).

lesbiats the Ruffian (Troll Warper)                 Turns: 1153, Time: 00:03:53

Health: -3/35      AC:  4    Str: 21    XL:     3   Next: 33%
Magic:  4/4        EV:  9    Int:  9    God:
Gold:   40         SH:  0    Dex:  9    Spells: 4/4 levels left

rFire   . . .      SeeInvis .      - Unarmed
rCold   . . .      Faith    .    (no shield)
rNeg    . . .      Spirit   .    a - +0 robe
rPois   .          Reflect  .    (helmet restricted)
rElec   .          Harm     .    (no cloak)
rCorr   .          Rampage  .    (gloves unavailable)
Will    .....                    (boots unavailable)
Stlth   +.........               (no amulet)
HPRegen 0.91/turn                (no ring)
MPRegen 0.09/turn                (no ring)

@: no status effects
A: large, unfitting armour, claws 3, regeneration 1, shaggy fur 1, tough skin 1
a: no special abilities


You were on level 1 of the Dungeon.
You visited 1 branch of the dungeon, and saw 2 of its levels.

You collected 40 gold pieces.

Inventory:

Missiles
 c - 6 boomerangs of dispersal
 d - 28 stones (quivered)
Armour
 a - a +0 robe (worn)
Scrolls
 b - a scroll of blinking
 e - 2 scrolls of immolation {unknown}
Potions
 f - a potion of curing {unknown}
 g - a potion of heal wounds {unknown}
 h - 2 potions of haste {unknown}
 i - 2 potions of brilliance {unknown}


   Skills:
 + Level 1.9 Fighting
 + Level 1.4 Throwing
 - Level 1.9 Dodging
 * Level 2.7 Unarmed Combat
 + Level 1.4 Spellcasting
 + Level 2.3 Translocations


You had 4 spell levels left.
You didn't know any spells.
Your spell library contained the following spells:

 Spells                   Type           Power      Damage    Failure   Level
 Blink                    Tloc           8%         N/A       21%         2
 Gell's Gravitas          Tloc           4%         N/A       38%         3
 Lesser Beckoning         Tloc           4%         N/A       38%         3
 Teleport Other           Tloc           4%         N/A       38%         3
 Manifold Assault         Tloc           4%         N/A       98%         5


Dungeon Overview and Level Annotations

Branches:
Dungeon (2/15)

Altars:

Annotations:
D:1 Terence


Innate Abilities, Weirdness & Mutations

You are too large for most types of armour.
You have claws for hands.
Your natural rate of healing is unusually fast.
You are covered in fur. (AC +1)
You have tough skin. (AC +1)


Message History

The stone hits Terence but does no damage.
Terence is heavily wounded.
You scratch Terence.
Terence is heavily wounded.
Terence hits you with a +0 hand axe.
You completely miss Terence.
Terence is heavily wounded.
Terence shouts, "Now you die!" Terence hits you but does no damage.
You closely miss Terence.
Terence is heavily wounded.
Terence hits you with a +0 hand axe!
You scratch Terence but do no damage.
Terence is heavily wounded.
Terence hits you with a +0 hand axe.
You scratch Terence but do no damage.
Terence is heavily wounded.
Terence hits you with a +0 hand axe!
You barely miss Terence.
Terence is heavily wounded.
Terence hits you with a +0 hand axe.
You scratch Terence.
Terence is severely wounded.
Terence hits you with a +0 hand axe.
* * * LOW HITPOINT WARNING * * *
You scratch Terence.
Terence is almost dead.
Terence hits you with a +0 hand axe.
* * * LOW HITPOINT WARNING * * *
You barely miss Terence.
Terence is almost dead.
Terence hits you but does no damage.
You scratch Terence but do no damage.
Terence is almost dead.
Terence hits you with a +0 hand axe.
* * * LOW HITPOINT WARNING * * *
You barely miss Terence.
Terence is almost dead.
Terence hits you with a +0 hand axe!
You die...

########.# ###...#####'#####...#
.........# ######...........####
########## #.###################
# #.#.# ### #... #
#.#.#####.########.## #
#.#.##.............# #
#.#.##.............## #
#.#..........#####.## ###########
#.#.@@.........# #.## ..........#
#.##.........#.# #.##
###.#####.###.####......##.###.##
##...#.......># #.......#.......
#......##.##..# ##.#.##.#.......
.......##.##..# #....##.#.###.##
..............####....##.#@###.##
.......##.#....................>#
#......##.#..######..###.#.####..


You could see Terence.

Vanquished Creatures
  A dart slug (D:1)
  5 bats (D:1)
  3 endoplasms (D:1)
  A giant cockroach (D:1)
  6 hobgoblins (D:1)
  2 jackals (D:1)
  2 quokkas
  3 ball pythons
  A frilled lizard (D:1)
  4 goblins (D:1)
  2 kobolds (D:1)
  5 rats (D:1)
35 creatures vanquished.

Notes
Turn   | Place    | Note
-------+----------+-------------------------------------------
     0 | D:1      | lesbiats the Troll Warper began the quest for the Orb.
     0 | D:1      | Reached XP level 1. HP: 19/19 MP: 1/1
    10 | D:1      | Reached skill level 1 in Throwing
    76 | D:1      | Reached XP level 2. HP: 21/28 MP: 3/3
   562 | D:1      | Reached XP level 3. HP: 35/35 MP: 4/4
  1083 | D:2      | Noticed Terence
  1153 | D:1      | Slain by Terence

Illustrated notes

Levels and vault maps discovered:
D:1:      dpeg_arrival_morbid_curiosity, layout_loops_ring, minmay_hexomino_p4
D:2:      layout_rooms, nicolae_kite_square_tiling_tiny, uniq_terence

Skill      XL: |  1 |
---------------+----+-----
Throwing       | 1 |  1.4
Fighting       | |  1.9
Dodging        | |  1.9
Unarmed Combat | |  2.7
Spellcasting   | |  1.4
Translocations | |  2.3

Action                   || total
-------------------------++-------
Melee: Unarmed           ||   108
Throw: Stone             ||     4
       Boomerang         ||     1
  Use: Scroll            ||     1
Armor: Robe              ||    31
Dodge: Dodged            ||    52

Table legend: (Time is in decaauts)
 A = Elapsed time spent in this place.
 B = Non-inter-level travel time spent in this place.
 C = Inter-level travel time spent in this place.
 D = Time resting spent in this place.
 E = Time spent auto-exploring this place.
 F = Levels seen in this place.
 G = Mean time per level.
                   A        B        C        D        E       F      G
               +--------+--------+--------+--------+--------+-----+--------+
         Total |   1149 |   1030 |    119 |    102 |    677 |   2 |  574.5 |
       Dungeon |   1149 |   1030 |    119 |    102 |    677 |   2 |  574.5 |
               +--------+--------+--------+--------+--------+-----+--------+

Top non-repeatable levels by time:
     D:1: 1118 daAuts
     D:2: 30 daAuts
